 Dungeon Crawl Stone Soup version 0.22-a0-824-g1ca9aab89c (webtiles) character file.

2176 Htamos the Covert (level 9, 32/42 HPs)
             Began as a Felid Conjurer on July 23, 2018.
             Was a Priest of Sif Muna.
             Quit the game on level 11 of the Dungeon on July 24, 2018.
             The game lasted 01:07:25 (17321 turns).

Htamos the Covert (Felid Conjurer)                 Turns: 17321, Time: 01:07:26

Health: 32/42      AC:  2    Str:  4    XL:     9   Next: 11%
Magic:  4/19       EV: 25    Int: 20    God:    Sif Muna [***...]
Gold:   519        SH:  0    Dex: 17    Spells: 12/21 levels left
                                        Lives:  0   Deaths: 3

rFire    + . .     SeeInvis +   (weapon unavailable)
rCold    . . .     Gourm    .   (shield unavailable)
rNeg     . . .     Faith    .   (armour unavailable)
rPois    .         Spirit   .   (helmet unavailable)
rElec    .         Reflect  .   (cloak unavailable)
rCorr    .         Harm     .   (gloves unavailable)
MR       ++...                  (boots unavailable)
Stlth    +++++.....             (no amulet)
HPRegen  0.14/turn              a - ring of protection from magic
MPRegen  0.16/turn              r - ring of protection from fire

@: very slightly contaminated, quick
A: very small, no armour, no weapons or thrown items, stealth, claws 1, fangs 3,
see invisible, carnivore, speed 1, shaggy fur 2, slow metabolism 1, sharp paws
a: Divine Energy, Channel Magic, Renounce Religion


You were on level 11 of the Dungeon.
You worshipped Sif Muna.
Sif Muna was most pleased with you.
You were not hungry.

You visited 2 branches of the dungeon, and saw 13 of its levels.

You collected 519 gold pieces.

Inventory:

Jewellery
 a - a ring of protection from magic (left paw)
 h - an uncursed ring of stealth {unknown}
 l - an uncursed ring of protection from cold
 r - a ring of protection from fire (right paw)
 B - an uncursed ring of positive energy {unknown}
 D - a cursed -3 ring of strength {unknown}
Wands
 x - a wand of digging (8)
Scrolls
 c - 4 scrolls of fear
 e - 4 scrolls of immolation
 f - 2 scrolls of amnesia
 p - 3 scrolls of remove curse
 u - a scroll of brand weapon
 y - a scroll of teleportation
 A - a scroll of blinking
 F - a scroll of magic mapping
 G - a scroll of enchant armour {unknown}
Potions
 d - 2 potions of curing
 g - a potion of berserk rage
 i - 2 potions of brilliance
 j - a potion of resistance
 m - a potion of lignification
 o - a potion of haste
 v - a potion of might
 w - 2 potions of heal wounds
 z - 2 potions of mutation {unknown}
 C - a potion of flight
 E - a potion of agility {unknown}
Comestibles
 b - 12 rations


   Skills:
 + Level 6.5 Fighting
 + Level 9.3 Dodging
 + Level 10.0 Stealth
 + Level 6.5 Spellcasting
 * Level 9.6 Conjurations
 - Level 5.1 Evocations


You had 12 spell levels left.
You knew the following spells:

 Your Spells              Type           Power        Failure   Level  Hunger
a - Magic Dart            Conj           ####         1%          1    None
b - Iskenderun's Mystic   Conj           #####...     1%          4    ###....
c - Fulminant Prism       Conj/Hex       ####......   14%         4    ###....

Your spell library contained the following spells:

 Spells                   Type           Power        Failure   Level  Hunger
 Dazzling Spray           Conj/Hex       ####..       4%          3    #......
 Force Lance              Conj/Tloc      ####....     14%         4    ###....
 Searing Ray              Conj           #####.       1%          2    None


Dungeon Overview and Level Annotations

Branches:
Dungeon (12/15)            Temple (1/1) D:6            Lair (0/6) D:8
    Orc: D:9-12

Altars:
Ashenzari
Cheibriados
Dithmenos
Elyvilon
Fedhas
Gozag
Hepliaklqana
Kikubaaqudgha
Makhleb
Nemelex Xobeh
Ru
Sif Muna
Trog
Uskayaw
Vehumet
Wu Jian
Xom
Yredelemnul
Zin
The Shining One

Shops:
D:8 =

Annotations:
D:10 Goboxel's ghost, novice DrMo


Innate Abilities, Weirdness & Mutations

You cannot wear armour.
You are incapable of wielding weapons or throwing items.
Your paws allow you to move quietly. (Stealth)
You have sharp claws.
You have razor-sharp teeth.
You have supernaturally acute eyesight. (SInv)
You are carnivorous and can eat meat at any time.
You cover ground quickly.
You are covered in thick fur. (AC +2)
You have a slow metabolism.
Your sharp claws are effective at attacking unaware monsters.


Message History

The big kobold completely misses you.
Casting: Iskenderun's Mystic Blast (safe; 1% risk of failure)
Confirm with . or Enter, or press ? or * to list all spells.
You don't have enough magic to cast that spell.
The big kobold completely misses you.
Casting: Iskenderun's Mystic Blast (safe; 1% risk of failure)
Confirm with . or Enter, or press ? or * to list all spells.
You don't have enough magic to cast that spell.
The kobold hits you. The big kobold misses you.
The kobold completely misses you. The kobold hits you.
The kobold completely misses you. The big kobold misses you.
Are you sure you want to abandon this character and quit the game? (Confirm with "yes".)
Okay, then.
Search for what [Enter for "vehu", or ? for help]? yes Can't find anything matching that.
You can't grasp things well enough to throw them.
The kobold barely misses you.
Okay, then.
Are you sure you want to abandon this character and quit the game? (Confirm with "yes".)

#......##....... ....
#......##....... ...
#......##.......
..###....###.......
##.#......#####...##
+................ ..
##.#......##....#
....##.#............#
.......@............#
......KKK#..........#
.......KK#..........#
...###...#.....#.....
..
.'...#.....#........
#
#.#...#.....#........
#.#......#### .......
) )......# ...... .
)........ ....


You could see a big kobold and 4 kobolds.

Vanquished Creatures
  Erolcha (D:9)
  2 two-headed ogres (D:9)
  2 kobold demonologists (D:10)
  2 hippogriffs (D:7)
  A wraith (D:7)
  A vampire (D:11)
  A steam dragon (D:7)
  6 orc warriors
  3 ice beasts
  Purgy (D:3)
  3 phantoms
  5 sky beasts
  5 ogres
  3 centaurs
  9 big kobolds
  4 bullfrogs
  6 scorpions
  3 killer bees (D:8)
  3 crimson imps
  4 jellies
  A centaur zombie (D:5)
  4 hounds
  3 orc priests
  A bullfrog skeleton (D:4)
  Jessica (D:2)
  9 worker ants
  An iguana (D:10)
  11 orc wizards
  A hound skeleton (D:6)
  A howler monkey zombie (D:8)
  2 worker ant zombies
  8 gnolls (D:6)
  8 adders
  14 oozes
  4 adder skeletons
  2 worms
  A dart slug (D:2)
  6 leopard geckos
  46 orcs
  4 giant cockroaches
  6 goblins
  7 hobgoblins
  12 jackals
  26 kobolds
  5 quokkas
  2 ball pythons
  3 bats
  A frilled lizard (D:4)
  A hobgoblin zombie (D:7)
  A jackal skeleton (D:7)
  2 leopard gecko zombies
  A quokka skeleton (D:6)
  7 rats
267 creatures vanquished.

Vanquished Creatures (collateral kills)
  A manticore (D:11)
  An orc priest (D:11)
  An orc wizard (D:11)
  An orc (D:11)
  3 kobolds (D:11)
7 creatures vanquished.

Vanquished Creatures (others)
  5 fulminant prisms (D:10)
  A fungus (D:10)
  3 plants (D:10)
  5 toadstools (D:2)
14 creatures vanquished.

Grand Total: 288 creatures vanquished

Notes
Turn   | Place    | Note
-------+----------+-------------------------------------------
     0 | D:1      | Htamos the Felid Conjurer began the quest for the Orb.
     0 | D:1      | Reached XP level 1. HP: 7/7 MP: 4/4
   120 | D:1      | Reached skill level 3 in Stealth
   120 | D:1      | Reached XP level 2. HP: 11/11 MP: 0/6
   776 | D:1      | Reached XP level 3. HP: 15/15 MP: 4/7
  2078 | D:2      | Noticed Jessica
  2083 | D:2      | Killed Jessica
  2083 | D:2      | Reached skill level 1 in Fighting
  2083 | D:2      | Reached XP level 4. HP: 19/19 MP: 1/8
  2728 | D:2      | Reached skill level 4 in Stealth
  2728 | D:2      | Reached XP level 5. HP: 22/22 MP: 4/9
  3857 | D:3      | Learned a level 4 spell: Iskenderun's Mystic Blast
  4087 | D:3      | Found a shattered altar of Ashenzari.
  4105 | D:3      | Noticed Purgy
  4228 | D:3      | Killed Purgy
  4228 | D:3      | Reached skill level 5 in Conjurations
  4228 | D:3      | Gained mutation: You are covered in thick fur. (AC +2) [Felid growth]
  4228 | D:3      | Reached XP level 6. HP: 26/26 MP: 6/11
  4978 | D:4      | Noticed a sky beast
  5318 | D:4      | Found a hide-covered altar of Uskayaw.
  5404 | D:4      | Found a shattered altar of Ashenzari.
  5685 | D:4      | Killed a sky beast
  5685 | D:4      | Reached skill level 5 in Stealth
  5685 | D:4      | Reached XP level 7. HP: 30/30 MP: 5/13
  5696 | D:5      | Entered Level 5 of the Dungeon
  6064 | D:5      | Reached skill level 1 in Evocations
  6287 | D:5      | Reached skill level 5 in Dodging
  7289 | D:6      | Reached XP level 8. HP: 22/34 MP: 0/14
  7498 | D:6      | Found a shimmering altar of Xom.
  7647 | D:6      | Reached skill level 6 in Stealth
  8359 | D:6      | Found a staircase to the Ecumenical Temple.
  8606 | Temple   | Entered the Ecumenical Temple
  8655 | Temple   | Became a worshipper of Sif Muna the Loreminder
  9129 | D:6      | Slain by a killer bee
  9130 | D:6      | Reached XP level 7. HP: -3/31 MP: 3/14
  9608 | D:8      | Reached XP level 8. HP: 36/36 MP: 2/15
  9703 | D:8      | Noticed a hippogriff
  9933 | D:8      | HP: 1/36 [orc/hand axe (1)]
 10504 | D:7      | Killed a hippogriff
 10504 | D:7      | Reached skill level 7 in Stealth
 10827 | D:7      | Noticed a hippogriff
 10834 | D:7      | Killed a hippogriff
 11361 | D:7      | Found a glowing golden altar of the Shining One.
 11566 | D:8      | Reached XP level 9. HP: 39/39 MP: 0/17
 11740 | D:7      | Reached skill level 5 in Spellcasting
 11765 | D:7      | Reached * piety under Sif Muna
 12236 | D:7      | Found a radiant altar of Vehumet.
 12273 | D:7      | Reached skill level 5 in Fighting
 12452 | D:8      | Reached skill level 8 in Stealth
 13459 | D:8      | Found a staircase to the Lair.
 13493 | D:8      | Found Wifobof's Jewellery Boutique.
 13530 | D:8      | Found a glowing silver altar of Zin.
 13723 | D:9      | Learned a level 4 spell: Fulminant Prism
 13804 | D:9      | Noticed Erolcha
 13810 | D:9      | Killed Erolcha
 13810 | D:9      | Reached skill level 5 in Evocations
 14011 | D:9      | Noticed a two-headed ogre
 14036 | D:9      | Killed a two-headed ogre
 14036 | D:9      | Reached ** piety under Sif Muna
 14036 | D:9      | Reached XP level 10. HP: 45/45 MP: 19/19
 14291 | D:9      | Noticed a two-headed ogre
 14310 | D:9      | Killed a two-headed ogre
 14310 | D:9      | Reached skill level 9 in Stealth
 14893 | D:10     | Entered Level 10 of the Dungeon
 15198 | D:10     | Found a runed gate.
 15200 | D:10     | Found a runed gate.
 15200 | D:10     | Found a runed gate.
 15201 | D:10     | Noticed Goboxel's ghost (novice DrMo)
 15438 | D:10     | You fall through a shaft for 2 floors!
 16646 | D:10     | Noticed a soul eater
 16691 | D:11     | Noticed a cyclops
 16698 | D:11     | Hit by a large rock thrown by a cyclops
 16699 | D:11     | Reached XP level 9. HP: -11/42 MP: 19/19
 16720 | D:11     | Reached *** piety under Sif Muna
 16728 | D:11     | Reached XP level 10. HP: 32/46 MP: 17/20
 16735 | D:11     | Reached skill level 10 in Stealth
 16744 | D:11     | Noticed a manticore
 16759 | D:11     | Killed a manticore
 17289 | D:11     | Hit by a large rock thrown by a cyclops
 17290 | D:11     | Reached XP level 9. HP: -2/42 MP: 8/19
 17321 | D:11     | Quit the game

Vault maps used:
D:1:      erik_arrival_gehennom
D:2:      cheibrodos_fertilizer, uniq_jessica
D:3:      cheibrodos_ashenzari_chains, uniq_purgy
D:4:      nicolae_overflow_hidden_temple
D:5:      first_ration
D:6:      old_standard_altar, temple_doors_e
D:7:      nicolae_tso_besieged_by_evil, lemuel_round_altar
D:8:      kennysheep_mini_moat, lair_entry_dummy, serial_shops,
          kennysheep_little_box
D:9:      uniq_erolcha
D:10:     gammafunk_ghost_nasty_kobolds, skrybe_limestone_x
D:12:     david_orc_2, blue_anna_alchemist, uniq_maurice
Temple:   zaba_magenta_temple

Skill      XL: |  1  2  3  4  5  6  7  8  9 10 |
---------------+-------------------------------+-----
Dodging        | 3 4 5 7 8 9 |  9.3
Stealth        | 3 4 5 7 8 10 | 10.0
Conjurations   | 4 5 6 7 8 9 |  9.6
Fighting       | 1 2 4 5 6 |  6.5
Spellcasting   | 3 4 5 6 |  6.5
Evocations     | 3 4 5 |  5.1

Action                   |  1- 3 |  4- 6 |  7- 9 | 10-12 || total
-------------------------+-------+-------+-------+-------++-------
Melee: Unarmed           |    15 |       |    29 |     3 ||    47
       Bite              |     2 |       |     6 |       ||     8
 Cast: Magic Dart        |    95 |   208 |   441 |   105 ||   849
       Iskenderun's Myst |       |       |    62 |    40 ||   102
       Fulminant Prism   |       |       |       |     5 ||     5
Evoke: Wand              |       |     2 |    34 |    26 ||    62
       Box of beasts     |       |       |     2 |     3 ||     5
  Use: Scroll            |     5 |     5 |     5 |     8 ||    23
       Potion            |       |       |     3 |     4 ||     7
 Stab: Sleeping          |     2 |       |       |     1 ||     3
  Eat: Chunk             |    10 |     7 |    31 |    11 ||    59
Armor: Skin              |     1 |     1 |     6 |     2 ||    10
Dodge: Dodged            |    11 |    41 |   168 |    82 ||   302

Table legend:
 A = Spawn XP
 B = Non-spawn XP
 C = Spawn XP percentage of total XP
 D = Spawn monster count
 E = Non-spawn monster count
 F = Spawn count percentage of total count
 G = Total turns spent on level
                    A         B        C        D         E        F      G
               +---------+---------+-------+---------+---------+-------+---------
         Total |       0 |   12270 |   0.0 |       0 |     274 |   0.0 | 17321
               +---------+---------+-------+---------+---------+-------+---------
           D:1 |       0 |      47 |   0.0 |       0 |      19 |   0.0 |  1224
           D:2 |       0 |     232 |   0.0 |       0 |      35 |   0.0 |  2393
           D:3 |       0 |     189 |   0.0 |       0 |      16 |   0.0 |   939
           D:4 |       0 |     339 |   0.0 |       0 |      16 |   0.0 |  1147
           D:5 |       0 |     437 |   0.0 |       0 |      17 |   0.0 |  1356
           D:6 |       0 |     843 |   0.0 |       0 |      29 |   0.0 |  2337
           D:7 |       0 |    2302 |   0.0 |       0 |      39 |   0.0 |  3115
           D:8 |       0 |    1134 |   0.0 |       0 |      31 |   0.0 |  1049
           D:9 |       0 |    3400 |   0.0 |       0 |      17 |   0.0 |  1428
          D:10 |       0 |    2188 |   0.0 |       0 |      22 |   0.0 |  1566
          D:11 |       0 |    1159 |   0.0 |       0 |      33 |   0.0 |   672
               +---------+---------+-------+---------+---------+-------+---------
